 Dungeon Crawl Stone Soup version 0.32-a0-314-g526f7d4993 (webtiles) character file.

Game seed: 1961341686129994455

1826706 EnegeticOcto the Mummy Barricade (level 26, 208/208 HPs)
             Began as a Mummy Earth Elementalist on Feb 16, 2024.
             Was the Champion of Beogh.
             Escaped with the Orb
             ... and 4 runes on Feb 18, 2024!
             The game lasted 03:39:26 (105334 turns).

EnegeticOcto the Mummy Barricade (MuEE)           Turns: 105334, Time: 03:39:27

Health: 208/208    AC: 17    Str: 16    XL:     26   Next: 36%
Magic:  28/64      EV: 13    Int: 18    God:    Beogh [******]
Gold:   2408       SH: 35    Dex: 14    Spells: 26/63 levels left

rFire   + + .        m - staff "Lycly" {+Blink rN+ Will+ Str+2 SInv Necro}
rCold   + . .        R - +10 tower shield of Ignorance {rN+ Int-4}
rNeg    + + +        Z - +3 leather armour {rF+}
rPois   ∞            e - +1 helmet "Anedgh" {Regen+}
rElec   +            N - +2 cloak {Will+}
rCorr   .            n - +1 pair of gloves "Dyruca" {rPois rF+ SInv}
SInv    +            q - +2 pair of boots {Stlth+}
Will    +++++        C - amulet of Keablute {rElec rF+ Regen+ Stlth+}
Stlth   ++           s - ring of magical power
HPRegen 2.14/turn    W - ring of magical power
MPRegen 0.39/turn

%: faith
@: studying 2 skills
A: walk on water, cold resistance 1, negative energy resistance 3, torment
resistance 2, heat vulnerability 1, in touch with death 2, no potions, faith
0: Orb of Zot
}: 4/15 runes: serpentine, barnacled, slimy, silver
a: Renounce Religion, Evoke Blink, Smiting, Recall Apostles, Blood for Blood,
Dismiss Brunolf, warrior, Dismiss Oruk, warrior, Dismiss Urtork, warrior


You escaped.
You worshipped Beogh.
Beogh was exalted by your worship.
You visited 11 branches of the dungeon, and saw 55 of its levels.
You visited 1 bazaar.
You also visited: Trove, Gauntlet and Wizlab.

You collected 8610 gold pieces.
You spent 6202 gold pieces at shops.

Inventory:

Hand Weapons
 u - the +6 Majin-Bo {spellvamp, MP+6 Int+6}
   (You took it off a Hellbinder in a wizard's laboratory)

   Int+6:     It affects your intelligence (+6).
   MP+6:      It affects your magic capacity (+6).
 I - the +6 flail of the Threshing Wasp {protect, rF++}
   (You took it off a deep elf demonologist on level 3 of the Elven Halls)

   rF++:      It greatly protects you from fire.
 V - the +5 flail "Newtslayer" {heavy, rElec Dex+2}
   (You bought it in a shop on level 3 of the Vaults)

   Dex+2:     It affects your dexterity (+2).
   rElec:     It insulates you from electricity.
Missiles
 B - a throwing net (quivered) {!f}
 S - 4 curare-tipped darts
Armour
 e - the +1 helmet "Anedgh" (worn) {Regen+}
   (You found it in a Gauntlet)

   Regen+:    It increases your rate of health regeneration.
 n - the +1 pair of gloves "Dyruca" (worn) {rPois rF+ SInv}
   (You acquired it on level 4 of the Depths)

   rF+:       It protects you from fire.
   rPois:     It protects you from poison SInv: It lets you see invisible.
 q - a +2 pair of boots of stealth (worn)
   (You found it on level 5 of the Vaults)
 N - a +2 cloak of willpower (worn)
   (You found it on level 11 of the Dungeon)
 R - the +10 tower shield of Ignorance (worn) {rN+ Int-4}
   (You found it on level 1 of the Orcish Mines)

   Int-4:     It affects your intelligence (-4).
   rN+:       It protects you from negative energy.
 Z - a +3 leather armour of fire resistance (worn)
   (You took it off a deep elf demonologist on level 3 of the Elven Halls)
Magical Staves
 m - the staff "Lycly" (weapon) {+Blink rN+ Will+ Str+2 SInv Necro}
   (You found it on level 4 of the Shoals)

   [staff of death]

   Base accuracy: +5 Base damage: 5 Base attack delay: 1.2 This weapon's minimum
   attack delay (0.6) is reached at skill level 12.
   Str+2:     It affects your strength (+2).
   rN+:       It protects you from negative energy.
   Will+:     It increases your willpower.
   SInv:      It lets you see invisible.
   +Blink:    It lets you blink.
   Necro:     It increases the power of your Necromancy spells.
   It falls into the 'Staves' category.
   It is a one-handed weapon.
 H - the staff "Orb Guardian's Bane" {rPois Will- SInv Conj Earth}
   (You found it in a Gauntlet)

   [staff of earth]

   Base accuracy: +5 Base damage: 5 Base attack delay: 1.2 This weapon's minimum
   attack delay (0.6) is reached at skill level 12.
   rPois:     It protects you from poison Will-: It decreases your willpower.
   SInv:      It lets you see invisible.
   Conj:      It increases the power of your Conjurations spells.
   Earth:     It increases the power of your Earth spells.
   It falls into the 'Staves' category.
   It is a one-handed weapon.
Jewellery
 c - the ring "Wiapim" {rF+ Will+}
   (You bought it in a shop in a bazaar)

   [ring of protection from fire]

   rF+:       It protects you from fire.
   Will+:     It increases your willpower.
 s - a ring of magical power (left hand)
   (You bought it in a shop on level 1 of the Dungeon)
 w - the ring of the Original Sin {rCorr AC+4 Stlth+}
   (You found it on level 5 of the Realm of Zot)

   [ring of protection]

   AC+4:      It affects your AC (+4).
   rCorr:     It protects you from acid and corrosion.
   Stlth+:    It makes you more stealthy.
 C - the amulet of Keablute (around neck) {rElec rF+ Regen+ Stlth+}
   (You found it in a treasure trove)

   [amulet of regeneration]

   rF+:       It protects you from fire.
   rElec:     It insulates you from electricity.
   Regen+:    It increases your rate of health regeneration.
   Stlth+:    It makes you more stealthy.
 W - a ring of magical power (right hand)
   (You bought it in a shop on level 1 of the Elven Halls)
Wands
 f - a wand of quicksilver (20) {@v1}
   (You found it on level 5 of the Lair of Beasts)
 o - a wand of roots (47) {@v2}
   (You found it on level 13 of the Dungeon)
 p - a wand of mindburst (15)
   (You found it on level 13 of the Dungeon)
 E - a wand of polymorph (58)
   (You found it in a Gauntlet)
 F - a wand of flame (84) {@v4}
   (You found it in a Gauntlet)
 J - a wand of charming (73)
   (You found it in a Gauntlet)
Scrolls
 b - 10 scrolls of immolation
 d - a scroll of revelation {@r5 !r}
 g - 22 scrolls of teleportation {@r3 !r}
 h - 7 scrolls of fog {!r}
 i - a scroll of silence {!r}
 j - 8 scrolls of fear {!r}
 k - 5 scrolls of blinking {@r4}
 l - 8 scrolls of vulnerability
 t - 12 scrolls of enchant weapon
 v - 4 scrolls of amnesia
 y - 6 scrolls of poison {!r}
 Q - 8 scrolls of butterflies {!r}
 X - 2 scrolls of brand weapon
Potions
 a - 2 potions of lignification {@q6}
Miscellaneous
 r - a tin of tremorstones (1/2)
   (You found it in a wizard's laboratory)
 z - a lightning rod (4/4)
   (You found it on level 3 of the Vaults)
 G - a box of beasts
   (You found it on level 4 of the Shoals)
 K - a phantom mirror
   (You found it on level 4 of the Shoals)
 T - a phial of floods
   (You found it on level 3 of the Vaults)


   Skills:
 + Level 17.0 Fighting
 - Level 4.0 Armour
 - Level 4.0 Dodging
 - Level 3.0 Stealth
 O Level 27 Shields
 + Level 19.2 Spellcasting
 - Level 13.0 Conjurations
 - Level 6.0 Summonings
 - Level 8.0 Necromancy
 + Level 3.8 Translocations
 - Level 13.0 Earth Magic
 + Level 18.7 Invocations
 - Level 6.0 Evocations


You had 26 spell levels left.
You knew the following spells:

 Your Spells              Type           Power      Damage    Failure   Level
a - Bombard               Conj/Erth      29%        9d5       2%          6
b - Lee's Rapid Deconstr  Erth           29%        3d15*     1%          5
c - Vampiric Draining     Necr           100%       2d13      1%          3
d - Sandblast             Erth           100%       2d20      1%          1
e - Apportation           Tloc           62%        N/A       1%          1
f - Martyr's Knell        Necr/Summ      97%        N/A       1%          4
g - Dispel Undead         Necr           100%       3d31      1%          4
h - Stone Arrow           Conj/Erth      100%       3d13      1%          3
i - Yara's Violent Unrav  Hex/Alch       8%         3d5       71%         5
p - Passwall              Erth           59%        N/A       1%          3
Y - Blink                 Tloc           62%        N/A       1%          2

Your spell library contained the following spells:

 Spells                   Type           Power      Damage    Failure   Level
 Foxfire                  Conj/Fire      100%       2x1d9     1%          1
 Kiss of Death            Conj/Necr      100%       2d13      1%          1
 Magic Dart               Conj           100%       1d8       1%          1
 Necrotise                Necr           100%       1d9       1%          1
 Shock                    Conj/Air       100%       1d9       1%          1
 Call Imp                 Summ           76%        N/A       1%          2
 Cigotuvi's Dreadful Rot  Necr/Alch/Air  100%       N/A       1%          2
 Lesser Beckoning         Tloc           62%        N/A       1%          2
 Momentum Strike          Conj/Tloc      94%        3d10      1%          2
 Static Discharge         Conj/Air       80%        3-7/arc   1%          2
 Call Canine Familiar     Summ           38%        N/A       1%          3
 Dazzling Flash           Conj/Hex       80%        N/A       1%          3
 Hailstorm                Conj/Ice       40%        3d9       1%          3
 Mephitic Cloud           Conj/Alch/Air  32%        N/A       1%          3
 Animate Armour           Summ/Erth      100%       N/A       1%          4
 Brom's Barrelling Bould  Conj/Erth      59%        2d7       1%          4
 Iskenderun's Mystic Bla  Conj/Tloc      47%        2d10      1%          4
 Gell's Gravitas          Tloc           31%        N/A       2%          3
 Teleport Other           Tloc           31%        N/A       2%          3
 Flame Wave               Conj/Fire      40%        2d11      2%          4
 Fulminant Prism          Conj/Alch      20%        3d12      2%          4
 Leda's Liquefaction      Alch/Erth      20%        N/A       2%          4
 Petrify                  Alch/Erth      40%        N/A       2%          4
 Freeze                   Ice            68%        1d8       3%          1
 Slow                     Hex            68%        N/A       3%          1
 Summon Ice Beast         Ice/Summ       28%        N/A       3%          3
 Curse of Agony           Necr           100%       N/A       3%          5
 Ensorcelled Hibernation  Hex/Ice        34%        N/A       5%          2
 Jinxbite                 Hex            34%        N/A       5%          2
 Scorch                   Fire           34%        2d6       5%          2
 Anguish                  Hex/Necr       41%        N/A       7%          4
 Arcjolt                  Conj/Air       20%        1d30      7%          5
 Irradiate                Conj/Alch      20%        3d18      7%          5
 Manifold Assault         Tloc           31%        N/A       8%          4
 Passage of Golubria      Tloc           31%        N/A       8%          4
 Confusing Touch          Hex            17%        N/A       11%         3
 Frozen Ramparts          Ice            34%        1d6       11%         3
 Inner Flame              Hex/Fire       17%        N/A       11%         3
 Ozocubu's Armour         Ice            17%        N/A       11%         3
 Sigil of Binding         Hex            17%        N/A       11%         3
 Swiftness                Air            17%        N/A       11%         3
 Tukima's Dance           Hex            17%        N/A       11%         3
 Summon Blazeheart Golem  Fire/Summ      28%        N/A       11%         4
 Summon Lightning Spire   Summ/Air       28%        N/A       11%         4
 Dimensional Bullseye     Hex/Tloc       12%        N/A       17%         4
 Freezing Cloud           Conj/Ice/Air   16%        6-21      17%         5
 Death Channel            Necr           50%        N/A       22%         6
 Airstrike                Air            8%         2d(2-18)  36%         4
 Cause Fear               Hex            8%         N/A       36%         4
 Ignite Poison            Fire/Alch      17%        N/A       36%         4
 Olgreb's Toxic Radiance  Alch           17%        N/A       36%         4
 Conjure Ball Lightning   Conj/Air       20%        3x3d6     36%         6
 Starburst                Conj/Fire      20%        6d7       36%         6
 Summon Cactus Giant      Summ           19%        N/A       43%         6
 Alistair's Intoxication  Alch           11%        N/A       71%         5
 Metabolic Englaciation   Hex/Ice        8%         N/A       71%         5
 Silence                  Hex/Air        8%         N/A       71%         5
 Dispersal                Tloc           15%        N/A       75%         6
 Monstrous Menagerie      Summ           19%        N/A       95%         7
 Summon Hydra             Summ           19%        N/A       95%         7
 Plasma Beam              Fire/Air       8%         2x1d19    99%         6
 Sculpt Simulacrum        Ice/Alch       8%         N/A       99%         6
 Enfeeble                 Hex            8%         N/A       100%        7
 Ozocubu's Refrigeration  Ice            8%         4d9       100%        7
 Discord                  Hex            8%         N/A       100%        8
 Disjunction              Tloc           15%        N/A       100%        8
 Ignition                 Fire           8%         3d5       100%        8
 Chain Lightning          Conj/Air       20%        3d26      100%        9
 Fire Storm               Conj/Fire      20%        8d5       100%        9
 Polar Vortex             Ice            8%         12d1*     100%        9
 Shatter                  Erth           29%        3d24*     100%        9
 Sublimation of Blood     Necr           Unusable   N/A       N/A         2
 Borgnjor's Revivificati  Necr           Unusable   N/A       N/A         8
 Death's Door             Necr           Unusable   N/A       N/A         9

Dungeon Overview and Level Annotations

Branches:
Dungeon (15/15)            Temple (0/1) D:4            Lair (5/5) D:11
 Shoals (4/4) Lair:3        Snake (4/4) Lair:3        Slime (5/5) Lair:4
    Orc (2/2) D:12            Elf (3/3) Orc:2        Vaults (5/5) D:13
  Crypt (3/3) Vaults:3       Tomb (0/3) Crypt:3      Depths (4/4) D:15
    Zot (5/5) Depths:4     WizLab (visited)         Gauntlet (visited)

Altars:
Ashenzari
Cheibriados
Dithmenos
Gozag
Kikubaaqudgha
Nemelex Xobeh
Okawaru
Qazlal
Ru
Trog
Xom

Shops:
D:1 =   D:9 =   D:11 [   D:12 (   D:13 !   D:14 *   Orc:2 ([=(   Elf:1 =:*:
Elf:3 *   Vaults:3 ((:(=

Portals:
Hell: Depths:1 Depths:2 Depths:3 Depths:4
Abyss: Depths:1 Depths:3
Pandemonium: Depths:1 Depths:2
Ziggurat: Depths:1

Annotations:
Lair:5 1 runed translucent door, mojasp's ghost, journeyman TeAE
Snake:4 3 runed translucent doors, exclusions: 3 doors and obsidian statue, YordlordTheGreat's ghost, adept HuCA
Orc:1 1 runed translucent door, exclusion: orange crystal statue
Elf:2 3 runed translucent doors
Depths:1 2 transporters
Depths:3 1 runed translucent door, exclusion: door, Hauff's ghost, veteran GrEE
Zot:3 Tiamat


Innate Abilities, Weirdness & Mutations

You can walk on water.
Your facial features are unmistakably orcish.
You are immune to poison.
Your flesh is cold resistant. (rC+)
You are immune to negative energy. (rN+++)
You are immune to unholy pain and torment.
You are vulnerable to heat. (rF-)
You are strongly in touch with the powers of death.
You do not drink.
You have a special connection with the divine. (Faith)


Message History

Aim: a sun demon (64% to hit)
The iron shot hits the sun demon!!
The sun demon is severely wounded.
Casting: Bombard (mildly dangerous; 2% risk of failure)
Confirm with . or Enter, or press ? or * to list all spells.
Aiming: Bombard (mildly dangerous; 2% risk of failure)
Press: ? - help, Shift-Dir - straight line, f/p - sun demon
Aim: a sun demon (severely wounded, 64% to hit)
The iron shot hits the sun demon!!
You kill the sun demon!
Beogh accepts your kill.
A balrug comes into view.
It is wielding a +2 vampiric demon whip.
Your Fighting skill increases to level 17!
Casting: Bombard (mildly dangerous; 2% risk of failure)
Confirm with . or Enter, or press ? or * to list all spells.
Aiming: Bombard (mildly dangerous; 2% risk of failure)
Press: ? - help, Shift-Dir - straight line, f - balrug
Aim: a balrug, wielding a +2 vampiric demon whip (wandering, hasn't noticed you, 64% to hit)
The iron shot hits the balrug!!
The balrug is moderately wounded.
The balrug shouts!
You hear a shout!
A sun demon comes into view.
Casting: Bombard (mildly dangerous; 2% risk of failure)
Confirm with . or Enter, or press ? or * to list all spells.
Aiming: Bombard (mildly dangerous; 2% risk of failure)
Press: ? - help, Shift-Dir - straight line, f/p - balrug
Aim: a balrug, wielding a +2 vampiric demon whip (moderately wounded, 64% to hit)
The iron shot hits the balrug!!
The balrug is severely wounded.
The blast sends you backwards. The balrug gestures at you.
Something smites you!
Oruk is recalled.
Urtork is recalled.
The balrug gestures at you. The bolt of fire hits you! You resist.
The bolt of fire hits Oruk!!
A sun demon comes into view.
You block the sun demon's attack.
A sun demon comes into view.
The sun demon shouts!
The balrug gestures at you.
The fireball explodes!
The fireball engulfs you! You resist.
The fireball engulfs the sun demon.
The sun demon completely resists.
The fireball engulfs the balrug.
The balrug completely resists.
You block the sun demon's attack.
Urtork hits the sun demon with a +3 great sword of holy wrath!
The sun demon convulses!
You block the sun demon's attack.
Urtork misses the balrug.
Oruk barely misses the balrug.
The balrug hits Urtork with a +2 vampiric demon whip!
Urtork is engulfed in flames!!
The balrug is healed.
Urtork hits the balrug with a +3 great sword of holy wrath!!
The balrug convulses!!
The balrug dies!
Beogh accepts your kill. You block the sun demon's attack.
You closely miss the sun demon. You block the sun demon's attack.
Urtork roars a battlecry!
Oruk goes into a battle-frenzy!
Oruk hits the sun demon with the +4 great sword of Ygoschis {holy, ^Drain rPois Str+3}!!!
The sun demon convulses!
The sun demon dies!
Beogh accepts your kill. You block the sun demon's attack. x2
You block the sun demon's attack.
The sun demon attacks as it pursues you!
You block the sun demon's attack.
Oruk casts a spell.
Oruk begins to accept their allies' injuries.
The sun demon attacks as it pursues you!
The sun demon barely misses you.
The sun demon attacks as it pursues you!
The sun demon hits you but does no damage.
You hit the sun demon but do no damage. You block the sun demon's attack. x2
You hit the sun demon but do no damage. You block the sun demon's attack. x2
Urtork hits the sun demon with a +3 great sword of holy wrath!!
The sun demon convulses!!
You block the sun demon's attack.
You hit the sun demon.
The sun demon is severely wounded.
The sun demon barely misses you. You block the sun demon's attack.
Urtork hits the sun demon with a +3 great sword of holy wrath!
The sun demon dies!
Beogh accepts your kill. The sun demon barely misses you.
Urtork hits the sun demon with a +3 great sword of holy wrath!!
The sun demon convulses!!
The sun demon dies!
Beogh accepts your kill.
Oruk no longer looks unusually strong.
(D) Dungeon (T) Temple (L) Lair (A) Shoals (P) Snake Pit (M) Slime Pits (O) Orcish Mines (E) Elven Halls (V) Vaults (C) Crypt (W) Tomb (U) Depths (H) Hell (Z) Zot
Where to? (Tab/Enter - D:1 @ (x,y), ? - help)
There is a staircase leading out of the dungeon here.
Unknown command.
You are a level 26 Mummy Earth Elementalist.
You are 36% of the way to level 27.
Play time: 03:39:24 (105333 turns).
You are forever immune to Zot's power.
Unknown command.
You have escaped!

#...#.o##.....#
#♣.♣#......##.# ###
♣.♣#...#.###.###..
♣.♣#...#..#.!....#
♣.♣#...........###
♣.♣#...##.........
♣o♣#...÷.÷.....###
♣o♣#..#####....###
♣@♣#..# #.......
♣.♣#..# #.....##
♣.♣#..#####.....##
♣.♣#..............
♣.♣#.....#####....
♣.♣##.##.######...
♣.♣##.##..........
#♣÷♣#......####....
#...##..##.####....


You could see the friendly Oruk the orc apostle and the friendly Urtork the orc
apostle.

Vanquished Creatures
  the Royal Jelly (Slime:5)
  3 dread liches
  3 ancient liches
  The ghost of Uqizxu the Hoplite, a master OnFi of Okawaru (Zot:2)
  The ghost of Atiunar the Hawkeye, a master TrDe of Gozag (Depths:3)
  Josephina (Depths:3)
  Saint Roka (Vaults:1)
  Bai Suzhen (Vaults:4)
  5 curse toes
  Vv (Zot:1)
  7 golden dragons
  Nikola (Elf:3)
  Norris (Vaults:3)
  The ghost of vegansnacktivist the Executioner, an adept DDFi of Makhleb (Vaults:3)
  An electric golem (Zot:1)
  4 bone dragons (Depths:4)
  2 walking earthen tomes
  Jorgrun (Shoals:3)
  2 hellephants
  An Ice Fiend (D:1)
  A deep elf master archer (Elf:3)
  3 Orb Guardians (Zot:5)
  5 tentacled monstrosities
  Mlioglotl (Shoals:1)
  4 liches
  A deep elf blademaster (Elf:3)
  4 titans
  7 death cobs
  3 quicksilver dragons
  8 acid blobs (Slime:5)
  4 ancient champions
  A sphinx (Vaults:4)
  5 tengu reavers
  A kraken (Shoals:3)
  Frances (Shoals:2)
  Roxanne (Snake:1)
  5 shadow dragons
  Aizul (Snake:1)
  6 protean progenitors
  6 rockslimes (Slime:5)
  2 revenants
  6 storm dragons
  3 fire giants
  4 azure jellies
  2 draconian monks (Zot:3)
  2 nagarajas
  2 frost giants
  3 deep elf sorcerers
  4 vault wardens
  The ghost of Pewaar the Covert, a journeyman DsNe of Jiyva (Depths:3)
  A draconian shifter (Zot:3)
  A juggernaut zombie (Crypt:1)
  2 ghouls (Crypt:2)
  3 cacodemons (WizLab)
  7 ironbound preservers
  A draconian scorcher (Zot:4)
  2 draconian stormcallers
  2 curse skulls (Crypt:3)
  3 draconian annihilators
  2 orc warlords
  5 stone giants
  A reaper (Crypt:3)
  An ironbound thunderhulk (Vaults:4)
  6 quicksilver oozes (Slime:5)
  5 vampire knights
  4 green draconians
  3 deep elf demonologists (Elf:3)
  13 very ugly things
  A formless jellyfish (Vaults:1)
  3 black draconians
  6 deep elf death magi
  6 yellow draconians
  2 war gargoyles (Vaults:5)
  5 deep elf annihilators (Elf:3)
  A minotaur (Gauntlet)
  A white draconian (Zot:2)
  3 purple draconians
  7 dire elephants
  9 ettins
  4 merfolk impalers
  12 eidola
  3 green deaths
  A crystal guardian (Vaults:3)
  10 merfolk javelineers
  7 yaktaur captains
  A rakshasa (Depths:4)
  A spriggan zombie (Crypt:3)
  A mummy priest (Crypt:3)
  3 deep elf high priests
  An entropy weaver (shapeshifter) (D:15)
  Fannar (Lair:3)
  3 fire dragons
  17 jiangshi
  5 great orbs of eyes
  5 vault guards (Vaults:5)
  2 ice dragons
  A caustic shrike simulacrum (Depths:3)
  5 salamander tyrants (Snake:4)
  8 hydras
  A hell beast (WizLab)
  10 ironbound frosthearts
  5 merfolk aquamancers
  9 anacondas
  2 ogre magi
  2 spriggan air magi
  A peacekeeper (Vaults:3)
  2 quicksilver dragon skeletons (Crypt:1)
  A deep troll shaman (Depths:4)
  2 boulder beetles
  A catoblepas (Lair:4)
  3 death knights
  2 satyrs
  5 naga warriors
  Erica (D:8)
  3 centaur warriors
  8 dancing weapons
  7 two-headed ogres
  5 deep troll earth magi
  A tengu warrior (Depths:3)
  8 death yaks
  A fenstrider witch skeleton (Crypt:3)
  A hell knight (Vaults:5)
  An orc high priest (Vaults:1)
  7 vampire magi
  The ghost of Morbidden the Conjurer, a novice BaCj of Cheibriados (D:9)
  A spriggan (Depths:2)
  2 naga sharpshooters
  A spriggan berserker (Depths:1)
  A shock serpent (Snake:1)
  4 sun demons
  4 soul eaters
  A deep elf knight (Elf:2)
  2 iron trolls
  A skyshark (Lair:5)
  An anaconda zombie (Crypt:3)
  A golden dragon zombie (Crypt:3)
  14 mana vipers
  A salamander mystic (Depths:4)
  Lodul (D:14)
  18 skeletal warriors
  3 orb spiders (Zot:5)
  4 sea snakes
  2 death drakes (Zot:1)
  26 deep trolls
  3 bog bodies
  6 deep elf archers
  21 phantasmal warriors
  A glowing orange brain (Slime:4)
  4 flayed ghosts (Crypt:2)
  A spriggan simulacrum (Depths:3)
  An orange crystal statue (Elf:2)
  3 lindwurms (Vaults:2)
  4 orc knights
  4 arcanists
  7 necromancers
  An anaconda skeleton (Crypt:2)
  16 deep elf zephyrmancers
  A wolf spider (Crypt:3)
  12 deep elf pyromancers
  4 naga ritualists
  9 ironbound convokers
  17 ugly things
  2 harpies
  10 salamanders
  A shining eye (Slime:2)
  2 orc sorcerers (Vaults:1)
  An alligator skeleton (Crypt:2)
  A worldbinder (Gauntlet)
  6 manticores
  2 cyclopes
  5 merfolk sirens
  13 moths of wrath
  5 fauns
  A kobold blastminer (Orc:2)
  28 black mambas
  A torpor snail (Gauntlet)
  A centaur zombie (Crypt:3)
  5 meliai (D:14)
  A smoke demon (WizLab)
  6 vault sentinels
  9 naga magi
  11 water nymphs
  An orange demon (Elf:1)
  A minotaur zombie (Gauntlet)
  3 rust devils
  17 cane toads
  An efreet (D:15)
  7 komodo dragons
  2 kobold demonologists
  Jeremiah (D:9)
  2 tormentors
  An ice devil (Vaults:3)
  A guardian mummy (Zot:1)
  5 freezing wraiths
  13 yaktaurs
  An unseen horror skeleton (Crypt:2)
  4 polar bears
  3 tengu conjurers
  2 red devils
  9 trolls
  2 spectral guardian serpents (Crypt:2)
  A hydra zombie (Crypt:3)
  A queen bee (D:14)
  A moth of wrath zombie (Zot:1)
  6 wind drakes (Shoals:4)
  A hornet (Depths:2)
  10 merfolk
  3 hydra skeletons
  7 hellwings (Crypt:3)
  5 snapping turtles
  A glass eye (Depths:4)
  A harpy skeleton (Crypt:3)
  13 slime creatures
  3 dream sheep
  3 blink frogs
  10 air elementals
  A ynoxinul (Snake:2)
  4 wyverns
  16 water elementals
  10 wraiths
  35 yaks
  A vampire (D:11)
  3 ushabtiu (Crypt:3)
  2 basilisks
  Grum (D:8)
  2 fire elementals
  A neqoxec (Zot:1)
  3 steam dragons
  A redback simulacrum (Gauntlet)
  12 vampire mosquitoes
  3 acid dragons
  27 nagas
  2 naga zombies (Crypt:3)
  A glowing shapeshifter skeleton (Crypt:1)
  A swamp worm (shapeshifter) (Vaults:5)
  11 water moccasins
  3 sky beasts
  5 ice beasts
  15 ogres
  17 laughing skulls (Crypt:1)
  8 black bears
  5 orc warriors
  16 wolves
  4 centaurs
  A torpor snail zombie (Crypt:2)
  A snapping turtle skeleton (Crypt:2)
  A blink frog skeleton (Crypt:2)
  4 kobold brigands
  A yaktaur zombie (Crypt:1)
  3 earth elementals (Elf:3)
  Blork the orc (D:4)
  2 gnoll sergeants
  2 necrophages (Crypt:2)
  9 bullfrogs
  3 scorpions
  2 wyvern skeletons (Crypt:3)
  A water moccasin skeleton (Crypt:2)
  24 killer bees
  5 electric eels
  A troll skeleton (Crypt:1)
  2 howler monkeys
  A bombardier beetle (D:15)
  A jelly (D:5)
  3 gnoll boudas
  A hound (D:7)
  3 orc priests
  Natasha (thrice) (D:4)
  4 iguanas
  9 orc wizards
  A tengu skeleton (Crypt:2)
  2 boggart simulacra (Gauntlet)
  A howler monkey zombie (Crypt:2)
  20 gnolls
  A howler monkey skeleton (Crypt:2)
  7 adders
  3 shadow imps
  A white imp (D:5)
  2 dart slugs
  2 ribbon worms
  22 orcs
  11 endoplasms
  4 giant cockroaches
  5 goblins
  8 hobgoblins
  2 jackals (D:2)
  20 kobolds
  6 quokkas
  6 ball pythons
  A ball python skeleton (Crypt:1)
  A ball python zombie (Crypt:1)
  3 bats
  5 frilled lizards (D:1)
  7 rats
  An aspiring flesh (Zot:5)
  A butterfly (D:10)
  A spectral weapon (Snake:1)
  7 tentacles (Shoals:3)
1328 creatures vanquished.

Vanquished Creatures (collateral kills)
  Margery (Vaults:5)
  A Hellbinder (WizLab)
  A golden dragon (Depths:3)
  A Tzitzimitl (Zot:4)
  A hellephant (WizLab)
  A shard shrike zombie (Crypt:3)
  An electric golem (Zot:5)
  3 tentacled monstrosities
  Zenata (Vaults:4)
  Asterion (Snake:1)
  A searing wretch (Vaults:5)
  A deep elf master archer (Elf:3)
  4 Orb Guardians (Zot:5)
  A deep elf blademaster (Elf:3)
  2 titans (Vaults:5)
  9 acid blobs
  Kirke (Lair:5)
  A death cob (Zot:5)
  3 tengu reavers (Vaults:5)
  3 shadow dragons (Vaults:5)
  A sphinx (Vaults:4)
  Donald (Snake:3)
  A nagaraja (Snake:4)
  7 storm dragons
  A rockslime (Slime:5)
  2 azure jellies
  An iron dragon (Vaults:5)
  A draconian knight (Zot:1)
  4 fire giants
  7 vault wardens
  3 frost giants
  A draconian shifter (Zot:1)
  3 deep elf sorcerers
  2 balrugs
  2 caustic shrike zombies (Crypt:3)
  2 cacodemons (WizLab)
  An orc warlord (Vaults:4)
  A deep elf elementalist (Elf:3)
  A draconian stormcaller (Zot:3)
  8 stone giants
  4 ironbound thunderhulks
  A spriggan defender (Depths:2)
  6 reapers (Crypt:3)
  A vampire knight (Depths:2)
  3 quicksilver oozes
  17 ironbound preservers
  2 formless jellyfish
  9 very ugly things
  2 lorocyprocas
  A green draconian (Zot:5)
  4 deep elf demonologists (Elf:3)
  13 deep elf death magi
  A black draconian (Zot:4)
  2 yellow draconians
  2 deep elf annihilators (Elf:3)
  21 dire elephants
  2 white draconians
  3 merfolk impalers
  9 ettins
  A green death (WizLab)
  7 yaktaur captains
  5 great orbs of eyes
  A deep elf high priest (Vaults:5)
  4 fire dragons
  3 ice dragons
  A rakshasa (Depths:2)
  7 hydras
  2 salamander tyrants
  An ice dragon (shapeshifter) (Vaults:5)
  23 vault guards
  A death knight (D:11)
  2 ogre magi
  4 ironbound frosthearts
  3 alligator snapping turtles
  A spriggan air mage (Depths:3)
  A spriggan zombie (Crypt:3)
  3 merfolk aquamancers
  2 merfolk avatars
  A hell beast (Depths:2)
  5 anacondas
  A death yak (Lair:3)
  10 dancing weapons
  10 centaur warriors
  4 boulder beetles
  5 naga warriors
  A tengu warrior (Depths:3)
  4 deep troll shamans
  9 two-headed ogres
  6 deep troll earth magi
  11 naga sharpshooters
  2 occultists (Depths:2)
  A titan zombie (Crypt:3)
  3 shock serpents
  5 sun demons
  3 soul eaters
  3 hell knights
  3 spriggan berserkers
  2 hell hogs (Depths:1)
  8 salamander mystics
  A deep elf knight (Elf:1)
  4 skysharks
  3 sixfirhies
  A skyshark (shapeshifter) (Vaults:5)
  An anaconda zombie (Crypt:3)
  An iron giant zombie (Crypt:3)
  3 iron trolls
  A shining eye (shapeshifter) (Vaults:5)
  2 skeletal warriors
  20 mana vipers
  A glowing orange brain (shapeshifter) (Vaults:5)
  13 sea snakes
  A goliath frog (Lair:5)
  50 deep trolls
  10 naga ritualists
  3 arcanists
  3 glowing orange brains
  A shadow demon (Vaults:1)
  A bunyip skeleton (Crypt:3)
  A bog body (Shoals:2)
  2 deep elf archers (Elf:1)
  5 necromancers
  4 phantasmal warriors
  2 harpies
  An anaconda skeleton (Crypt:3)
  A mana viper (shapeshifter) (Depths:3)
  10 ironbound convokers
  6 orc knights
  8 deep elf pyromancers
  2 shining eyes
  A wolf spider (Crypt:3)
  An orc sorcerer (Orc:1)
  20 ugly things
  5 cyclopes
  2 fauns
  8 deep elf zephyrmancers
  4 manticores
  18 salamanders
  2 merfolk sirens (Shoals:3)
  30 black mambas
  3 rust devils (WizLab)
  A meliai (D:14)
  8 vault sentinels
  A cyclops (shapeshifter) (Vaults:4)
  A guardian serpent (Snake:4)
  A smoke demon (Depths:2)
  A torpor snail (Lair:2)
  2 moths of wrath (Zot:2)
  A water nymph (Shoals:1)
  5 cane toads
  10 naga magi
  A hellion (WizLab)
  2 rime drakes
  9 yaktaurs
  A golden dragon simulacrum (Depths:3)
  5 komodo dragons
  An ice devil (Elf:1)
  A tormentor (Depths:1)
  A tengu conjurer (Depths:3)
  A red devil (WizLab)
  13 hellwings
  A hydra zombie (Crypt:3)
  A harpy zombie (Crypt:3)
  6 trolls
  16 merfolk
  4 hornets
  A tyrant leech (Lair:5)
  A polar bear (Lair:4)
  5 blink frogs (Lair:5)
  4 wind drakes
  5 snapping turtles
  An ettin zombie (Crypt:3)
  2 dream sheep (Shoals:1)
  A black mamba zombie (Crypt:3)
  39 slime creatures
  23 water elementals
  5 spriggans
  A merfolk skeleton (Crypt:3)
  A jumping spider (Crypt:3)
  5 air elementals
  3 wraiths
  3 hogs
  15 yaks
  A ynoxinul (D:9)
  A warg (Orc:1)
  5 golden eyes
  2 redbacks (Crypt:3)
  5 fire elementals
  2 vampire mosquitoes (D:14)
  28 nagas
  A harpy simulacrum (Gauntlet)
  A naga zombie (Crypt:3)
  4 hell hounds
  Duvessa (D:6)
  5 orc warriors
  A black bear (Lair:3)
  A boggart (Gauntlet)
  A centaur (D:12)
  4 wolves
  19 ogres
  A kobold brigand (D:13)
  4 bullfrogs
  An earth elemental (Elf:1)
  2 wyvern skeletons (Crypt:3)
  Dowan (D:6)
  2 electric eels (D:13)
  2 orc priests (Orc:2)
  An orc wizard (Orc:1)
  5 gnolls (D:12)
  A shadow imp (Lair:4)
  An orc (Orc:1)
  A tentacle (Shoals:3)
929 creatures vanquished.

Vanquished Creatures (others)
  28 orc apostles
  A deep troll earth mage (Depths:2)
  A deep troll (Depths:2)
  A deep elf zephyrmancer (Elf:2)
  3 orc knights
  A deep elf pyromancer (Elf:1)
  An orc sorcerer (Vaults:1)
  A frost giant simulacrum (Depths:3)
  A water elemental (D:13)
  3 humans (Lair:5)
  A small abomination (Depths:1)
  An orc warrior (Vaults:5)
  A bullfrog (Lair:5)
  A killer bee (D:14)
  2 orc priests
  2 orc wizards
  7 orcs
  2 starspawn tentacles (Shoals:1)
  16 tentacles (Shoals:3)
74 creatures vanquished.

Grand Total: 2331 creatures vanquished

Notes
Turn   | Place    | Note
-------+----------+-------------------------------------------
     0 | D:1      | EnegeticOcto the Mummy Earth Elementalist began the quest
                  | for the Orb.
     0 | D:1      | Reached XP level 1. HP: 13/13 MP: 4/4
    80 | D:1      | Reached skill level 2 in Stealth
    80 | D:1      | Reached skill level 3 in Spellcasting
   135 | D:1      | Reached XP level 2. HP: 16/19 MP: 0/6
   493 | D:1      | Reached skill level 3 in Stealth
   493 | D:1      | Reached XP level 3. HP: 24/24 MP: 3/7
   497 | D:1      | Learned a level 3 spell: Passwall
   501 | D:1      | Learned a level 3 spell: Stone Arrow
   586 | D:1      | Found Ulifer's Jewellery Shop.
   817 | D:1      | Reached skill level 3 in Earth Magic
  1020 | D:2      | Reached XP level 4. HP: 30/30 MP: 5/8
  1974 | D:3      | Reached skill level 4 in Earth Magic
  2049 | D:3      | Reached skill level 1 in Conjurations
  2049 | D:3      | Reached XP level 5. HP: 35/35 MP: 6/9
  2398 | D:3      | You fall into a shaft and drop 3 floors!
  2415 | D:6      | Reached skill level 2 in Conjurations
  2467 | D:5      | Entered Level 5 of the Dungeon
  2485 | D:6      | Reached skill level 3 in Conjurations
  2485 | D:6      | Reached XP level 6. HP: 33/41 MP: 7/11
  2710 | D:5      | Reached skill level 4 in Spellcasting
  3019 | D:4      | Noticed Blork the orc
  3026 | D:4      | Killed Blork the orc
  3027 | D:4      | Reached skill level 1 in Fighting
  3243 | D:4      | Noticed an ice beast
  3249 | D:4      | Killed an ice beast
  3250 | D:4      | Reached skill level 2 in Fighting
  3250 | D:4      | Reached XP level 7. HP: 50/50 MP: 0/13
  3405 | D:4      | Found a staircase to the Ecumenical Temple.
  3410 | D:4      | Noticed Natasha
  3520 | D:4      | Killed Natasha
  3572 | D:4      | Noticed Natasha
  3574 | D:4      | Killed Natasha
  3649 | D:4      | Noticed Natasha
  3654 | D:4      | Killed Natasha
  3757 | D:4      | Reached skill level 4 in Conjurations
  3792 | D:4      | Found a sparkling altar of Nemelex Xobeh.
  4048 | D:4      | Reached skill level 5 in Earth Magic
  4476 | D:5      | Reached skill level 1 in Shields
  4476 | D:5      | Reached skill level 5 in Spellcasting
  4476 | D:5      | Reached XP level 8. HP: 56/57 MP: 5/15
  4787 | D:5      | Became a worshipper of Beogh the Shepherd
  4793 | D:5      | Reached skill level 3 in Fighting
  4932 | D:1      | Bought a ring of magical power for 240 gold pieces
  5163 | D:5      | Found a shadowy altar of Dithmenos.
  5163 | D:5      | Found an ancient bone altar of Kikubaaqudgha.
  5389 | D:5      | Reached skill level 2 in Shields
  5642 | D:6      | Noticed Dowan
  5710 | D:6      | Reached skill level 4 in Fighting
  5710 | D:6      | Reached skill level 6 in Spellcasting
  5885 | D:6      | Reached skill level 3 in Shields
  5885 | D:6      | Reached skill level 5 in Conjurations
  6058 | D:7      | Found a snail-covered altar of Cheibriados.
  6058 | D:7      | Found an iron altar of Okawaru.
  6460 | D:7      | Reached XP level 9. HP: 65/66 MP: 18/18
  6784 | D:7      | Found a broken altar of Ashenzari.
  6797 | D:7      | Reached skill level 5 in Fighting
  7109 | D:8      | Noticed Erica
  7125 | D:8      | Killed Erica
  7126 | D:8      | Reached skill level 4 in Shields
  7126 | D:8      | Reached skill level 6 in Earth Magic
  7403 | D:8      | Reached * piety under Beogh
  7565 | D:8      | Reached skill level 6 in Fighting
  7633 | D:8      | Noticed a two-headed ogre
  7868 | D:8      | Found a sacrificial altar of Ru.
  7903 | D:8      | Noticed Grum
  7907 | D:8      | Killed Grum
  7908 | D:8      | Reached skill level 5 in Shields
  8205 | D:8      | Found a bloodstained altar of Trog.
  8215 | D:8      | Reached skill level 6 in Shields
  8458 | D:8      | Reached ** piety under Beogh
  8585 | D:8      | Killed a two-headed ogre
  8586 | D:8      | Reached skill level 7 in Spellcasting
  8586 | D:8      | Reached XP level 10. HP: 76/76 MP: 15/20
  8833 | D:9      | Found Qabeut's Jewellery Shoppe.
  8893 | D:9      | Found a runed translucent door.
  8896 | D:9      | Noticed Morbidden's ghost (novice BaCj)
  8952 | D:9      | Reached skill level 1 in Invocations
  9012 | D:9      | Noticed Jeremiah
  9147 | D:9      | Reached skill level 6 in Conjurations
  9157 | D:9      | Reached skill level 2 in Invocations
  9505 | D:9      | Reached skill level 8 in Spellcasting
  9683 | D:9      | Killed Jeremiah
  9884 | D:10     | Entered Level 10 of the Dungeon
 10069 | D:10     | Identified the +1 plate armour of the Fifty Places {^Contam
                  | Rampage Dex+5}
 10113 | D:9      | Reached skill level 3 in Invocations
 10352 | D:10     | Found a stormy altar of Qazlal.
 10354 | D:10     | Found a shimmering altar of Xom.
 10401 | D:10     | Identified the +1 leather armour of Terror {rC+ rCorr
                  | Dex+4}
 10418 | D:10     | Reached *** piety under Beogh
 10776 | D:10     | Noticed a two-headed ogre
 10794 | D:10     | Killed a two-headed ogre
 10795 | D:10     | Reached skill level 9 in Spellcasting
 10795 | D:10     | Reached skill level 4 in Invocations
 11153 | D:10     | Reached skill level 1 in Armour
 11287 | D:10     | Reached skill level 2 in Armour
 11600 | D:10     | Reached skill level 7 in Fighting
 11600 | D:10     | Reached XP level 11. HP: 80/84 MP: 18/24
 12108 | D:10     | Found a stormy altar of Qazlal.
 12109 | D:10     | Found a shimmering altar of Xom.
 12723 | D:11     | Reached skill level 3 in Armour
 12791 | D:11     | Noticed a green ugly thing
 12840 | D:11     | Killed a white ugly thing
 12955 | D:11     | Noticed a skeletal warrior
 13003 | D:11     | Found Qyvic's Armour Shop.
 13048 | D:11     | Noticed Spirok
 13261 | D:11     | Anointed Spirok the warrior as your apostle
 13359 | D:11     | Noticed a two-headed ogre
 13366 | D:11     | Killed a two-headed ogre
 13367 | D:11     | Reached skill level 8 in Fighting
 13367 | D:11     | Reached skill level 4 in Armour
 13498 | D:11     | Noticed a death knight
 13498 | D:11     | Noticed a skeletal warrior
 13689 | D:6      | Noticed Duvessa
 13696 | D:6      | Killed Dowan
 13701 | D:6      | Killed Duvessa
 13892 | D:9      | Killed Morbidden's ghost
 13893 | D:9      | Reached skill level 10 in Spellcasting
 14031 | D:9      | Learned a level 5 spell: Lee's Rapid Deconstruction
 14101 | D:10     | Killed a skeletal warrior
 14167 | D:11     | Found a staircase to the Lair.
 14211 | D:11     | Reached skill level 7 in Earth Magic
 14366 | Lair:1   | Entered Level 1 of the Lair of Beasts
 14387 | Lair:1   | Reached **** piety under Beogh
 14440 | Lair:1   | Reached skill level 8 in Earth Magic
 14643 | Lair:1   | Found a gate leading to a gauntlet.
 14652 | Gauntlet | Entered a Gauntlet
 14652 | Gauntlet | Found a transporter.
 14652 | Gauntlet | Found a transporter.
 14652 | Gauntlet | Found a transporter.
 14716 | Gauntlet | Found a transporter.
 14722 | Gauntlet | Found a transporter.
 14733 | Gauntlet | Found a transporter.
 14733 | Gauntlet | Found a transporter.
 14741 | Gauntlet | Found a transporter.
 14759 | Gauntlet | Found a transporter.
 14759 | Gauntlet | Noticed a balrug
 14776 | Gauntlet | Found a transporter.
 14779 | Gauntlet | Found a transporter.
 14789 | Gauntlet | Found a transporter.
 14923 | Gauntlet | Noticed a wolf spider
 14923 | Gauntlet | Noticed a wolf spider
 14924 | Gauntlet | Identified the +1 helmet "Anedgh" {Regen+}
 14933 | Gauntlet | Noticed a wolf spider
 15117 | Gauntlet | Reached skill level 9 in Earth Magic
 15117 | Gauntlet | Reached XP level 12. HP: 62/92 MP: 14/26
 15353 | Gauntlet | Identified the +1 hand axe "Cewick" {heavy, rF+ SInv}
 15353 | Gauntlet | Noticed a minotaur
 15364 | Gauntlet | Killed a minotaur
 15457 | Gauntlet | Identified the staff "Orb Guardian's Bane" {rPois Will-
                  | SInv Conj Earth}
 15457 | Gauntlet | Identified the +1 robe "Jiho" {Dex+5 Slay+2 SInv Archmagi}
 15691 | Lair:1   | Identified the +8 dagger "Bazxippu" {drain, rF- Str+8 Int+2
                  | SInv}
 15691 | Lair:1   | Noticed Herok
 15699 | Lair:1   | Anointed Herok the wizard as your apostle
 16549 | Lair:2   | Reached skill level 10 in Earth Magic
 16621 | Lair:2   | Noticed a five-headed hydra
 16625 | Lair:2   | Killed a five-headed hydra
 16626 | Lair:2   | Reached skill level 5 in Invocations
 16850 | Lair:2   | Reached skill level 7 in Shields
 16863 | Lair:2   | Reached skill level 6 in Invocations
 17023 | Lair:2   | Noticed a seven-headed hydra
 17028 | Lair:2   | Killed a seven-headed hydra
 17463 | Lair:3   | Noticed a seven-headed hydra
 17463 | Lair:3   | Noticed a death yak
 17465 | Lair:3   | Noticed a death yak
 17467 | Lair:3   | Noticed a death yak
 17467 | Lair:3   | Noticed a death yak
 17468 | Lair:3   | Killed a six-headed hydra
 17469 | Lair:3   | Noticed a death yak
 17470 | Lair:3   | Noticed a death yak
 17595 | Lair:3   | Killed a death yak
 17598 | Lair:3   | Killed a death yak
 17599 | Lair:3   | Reached skill level 8 in Shields
 17599 | Lair:3   | Reached skill level 7 in Invocations
 17608 | Lair:3   | Your ally Spirok died
 17612 | Lair:3   | Your ally Herok died
 17794 | Lair:2   | Killed a death yak
 17946 | Lair:3   | Reached skill level 1 in Evocations
 17975 | Lair:3   | Noticed Fannar
 17991 | Lair:3   | Killed Fannar
 17992 | Lair:3   | Gained mutation: You are strongly in touch with the powers
                  | of death. [Mummy growth]
 17992 | Lair:3   | Reached XP level 13. HP: 77/98 MP: 5/27
 18000 | Lair:3   | Reached ***** piety under Beogh
 18382 | Lair:3   | Reached skill level 2 in Evocations
 19266 | Lair:3   | Found a staircase to the Snake Pit.
 19277 | Lair:3   | Reached skill level 11 in Spellcasting
 19277 | Lair:3   | Reached skill level 3 in Evocations
 19405 | Lair:3   | Found a staircase to the Shoals.
 19927 | Lair:4   | Found a staircase to the Slime Pits.
 20140 | Lair:4   | Reached skill level 9 in Shields
 20639 | Lair:4   | Reached skill level 4 in Evocations
 20955 | Lair:5   | Entered Level 5 of the Lair of Beasts
 21109 | Lair:5   | Noticed Kirke
 21113 | Lair:5   | Reached skill level 12 in Spellcasting
 21137 | Lair:4   | Identified the +0 dagger of the Mouth {elec, rElec rF+ rN+}
 21143 | Lair:4   | Your ally Herok died
 21145 | Lair:4   | Your ally Spirok died
 21149 | Lair:4   | Anointed Ortolf the wizard as your apostle
 21461 | Lair:5   | Reached skill level 10 in Shields
 21564 | Lair:5   | Killed Kirke
 21723 | Lair:5   | Reached skill level 9 in Fighting
 21896 | Lair:5   | Reached XP level 14. HP: 108/108 MP: 25/30
 21924 | Lair:5   | Reached skill level 10 in Fighting
 22052 | Lair:5   | Noticed Urug
 22059 | Lair:5   | Pacified Urug
 22205 | Lair:5   | Reached skill level 2 in Dodging
 22538 | Lair:5   | Found a runed translucent door.
 22539 | Lair:5   | Noticed mojasp's ghost (journeyman TeAE)
 22540 | Lair:5   | Identified the +1 trident "Goblinslayer" {freeze, rElec}
 22572 | Lair:5   | Identified the +5 spear "Onynweu" {freeze, Dex+3 SInv}
 22622 | Lair:5   | Reached skill level 3 in Dodging
 23196 | D:11     | Identified the +10 dagger of Patterns {freeze, Int+2 SInv}
 23325 | D:11     | Reached skill level 4 in Dodging
 24062 | D:12     | Reached ****** piety under Beogh
 24148 | D:12     | Found Ymasou's Antique Weapon Boutique.
 24241 | D:12     | Found a staircase to the Orcish Mines.
 24299 | D:12     | Reached skill level 13 in Spellcasting
 24489 | Orc:1    | Entered Level 1 of the Orcish Mines
 24741 | Orc:1    | Found a runed translucent door.
 24751 | Orc:1    | Found the +10 tower shield of Ignorance {rN+ Int-4}
 24782 | Orc:1    | Your ally Herok died
 24795 | Orc:1    | Found a runed translucent door.
 25024 | Orc:2    | Entered Level 2 of the Orcish Mines
 25300 | Orc:2    | Found a staircase to the Elven Halls.
 25486 | Orc:2    | Reached skill level 14 in Spellcasting
 25496 | Orc:2    | Identified the +8 dagger of Gin and Tonic {drain, rN++
                  | Dex-4 SInv}
 25496 | Orc:2    | Noticed Blodwig
 25506 | Orc:2    | Your ally Herok died
 25510 | Orc:2    | Anointed Blodwig the wizard as your apostle
 27020 | Orc:2    | Found Cekhyoh's Weapon Boutique.
 27022 | Orc:2    | Found Qeizummu's Antique Armour Emporium.
 27023 | Orc:2    | Found Ciq Laoq's Jewellery Boutique.
 27175 | Orc:2    | Found Liupum's Weapon Shop.
 27186 | Orc:2    | Reached skill level 11 in Shields
 27195 | Orc:2    | Your ally Ortolf died
 27520 | D:13     | Reached skill level 15 in Spellcasting
 27644 | D:13     | Found a gate to the Vaults.
 27706 | D:13     | Reached XP level 15. HP: 103/115 MP: 24/34
 28031 | D:13     | Found Kesyag's Distillery.
 29085 | D:14     | Reached skill level 11 in Fighting
 29254 | D:14     | Found Zeew's Serpentskin Sales.
 29263 | D:14     | Noticed Lodul
 29271 | D:14     | Killed Lodul
 29272 | D:14     | Reached skill level 8 in Invocations
 29306 | D:14     | Identified the +8 long sword of Dim Light {freeze, Str+5}
 29320 | D:14     | Your ally Blodwig died
 29323 | D:14     | Anointed Bogbrand the warrior as your apostle
 29801 | D:14     | Learned a level 4 spell: Martyr's Knell
 29927 | D:15     | Entered Level 15 of the Dungeon
 30393 | D:15     | Found a snail-covered altar of Cheibriados.
 31277 | D:15     | Found a staircase to the Depths.
 31532 | Shoals:1 | Entered Level 1 of the Shoals
 31642 | Shoals:1 | Reached skill level 1 in Necromancy
 31714 | Shoals:1 | Reached skill level 12 in Fighting
 31716 | Shoals:1 | Reached skill level 1 in Summonings
 31868 | Shoals:1 | Reached skill level 9 in Invocations
 31917 | Shoals:1 | Noticed Mlioglotl
 31921 | Shoals:1 | Noticed a tentacled starspawn
 31925 | Shoals:1 | Killed Mlioglotl
 31926 | Shoals:1 | Reached skill level 2 in Necromancy
 32117 | Shoals:1 | Reached skill level 2 in Summonings
 32403 | Shoals:1 | Reached skill level 3 in Necromancy
 32863 | Shoals:2 | Learned a level 1 spell: Apportation
 33087 | Shoals:2 | Reached skill level 3 in Summonings
 33247 | Shoals:2 | Reached XP level 16. HP: 129/129 MP: 35/35
 33460 | Shoals:2 | Reached skill level 4 in Necromancy
 33597 | Shoals:2 | Noticed Frances
 33602 | Shoals:2 | Killed Frances
 33896 | Shoals:2 | Identified the +6 triple crossbow "Xigucat" {speed, rF-
                  | Int+7}
 34016 | Shoals:3 | Noticed Jorgrun
 34023 | Shoals:3 | Killed Jorgrun
 34023 | Shoals:3 | Your ally Blodwig died
 34109 | Shoals:3 | Reached skill level 4 in Summonings
 34233 | Shoals:3 | Noticed a kraken
 34249 | Shoals:3 | Your ally Bogbrand died
 34258 | Shoals:3 | Your ally Spirok died
 34523 | Shoals:3 | Reached skill level 5 in Necromancy
 34542 | Shoals:3 | Reached skill level 10 in Invocations
 34679 | Shoals:3 | Killed a kraken
 34826 | Shoals:3 | Reached skill level 13 in Fighting
 35021 | Shoals:3 | Anointed Boldo the wizard as your apostle
 36008 | Shoals:4 | Entered Level 4 of the Shoals
 36066 | Shoals:4 | Reached skill level 5 in Summonings
 36066 | Shoals:4 | Reached skill level 6 in Necromancy
 36247 | Shoals:4 | Paralysed by an air elemental for 1 turns
 36274 | Shoals:4 | Your ally Boldo died
 36932 | Shoals:4 | Paralysed by an air elemental for 1 turns
 37706 | Shoals:4 | Identified the +3 hand axe "Vuan" {venom, rCorr}
 37714 | Shoals:4 | Paralysed by an air elemental for 1 turns
 38420 | Shoals:4 | Reached skill level 7 in Necromancy
 38656 | Shoals:4 | Your ally Boldo died
 38660 | Shoals:4 | Reached skill level 6 in Summonings
 38660 | Shoals:4 | Reached skill level 11 in Invocations
 39128 | Shoals:4 | Noticed a titan
 39130 | Shoals:4 | Paralysed by an air elemental for 1 turns
 39140 | Shoals:4 | Killed a titan
 39454 | Shoals:4 | Identified the staff "Midargh" {*Corrode rPois rC+ Dex+5
                  | Ice}
 39455 | Shoals:4 | Identified the staff "Lycly" {+Blink rN+ Will+ Str+2 SInv
                  | Necro}
 39461 | Shoals:4 | Got the Verses on Haze
 39469 | Shoals:4 | Got a barnacled rune of Zot
 39597 | Shoals:4 | Reached XP level 17. HP: 136/136 MP: 13/36
 39708 | Shoals:4 | Reached skill level 8 in Necromancy
 40085 | Shoals:4 | Paralysed by an air elemental for 1 turns
 40088 | Shoals:4 | Paralysed by an air elemental for 1 turns
 40501 | Snake:1  | Entered Level 1 of the Snake Pit
 40737 | Snake:1  | Noticed Roxanne
 40744 | Snake:1  | Killed Roxanne
 40826 | Snake:1  | Identified the serpent talisman "Zaosueso" {rN+}
 40826 | Snake:1  | Noticed Aizul
 40838 | Snake:1  | Killed Aizul
 40839 | Snake:1  | Reached skill level 12 in Invocations
 41055 | Snake:1  | Identified the +1 short sword "Unaaff" {freeze, rN+ rCorr
                  | Int-4 Stlth+}
 41242 | Snake:1  | Noticed Asterion
 41246 | Snake:1  | Your ally Boldo died
 41250 | Snake:1  | Killed Asterion
 42224 | Snake:2  | Reached skill level 12 in Shields
 42243 | Snake:2  | Your ally Spirok died
 42250 | Snake:2  | Your ally Boldo died
 42251 | Snake:2  | Reached skill level 5 in Evocations
 42254 | Snake:2  | Your ally Bogbrand died
 42323 | Snake:2  | Identified the +2 robe "Kavak" {Harm Regen+}
 42489 | Snake:2  | Anointed Herok the wizard as your apostle
 42813 | Snake:2  | Reached skill level 6 in Evocations
 42817 | Snake:2  | Learned a level 3 spell: Vampiric Draining
 42822 | Snake:2  | Learned a level 4 spell: Dispel Undead
 43612 | Snake:2  | Reached skill level 13 in Shields
 45465 | Snake:3  | Reached XP level 18. HP: 134/143 MP: 37/37
 45466 | Snake:3  | Reached skill level 16 in Spellcasting
 45975 | Snake:3  | Noticed Donald
 45983 | Snake:3  | Killed Donald
 46139 | Snake:4  | Entered Level 4 of the Snake Pit
 46266 | Snake:4  | Reached skill level 14 in Shields
 46458 | Snake:4  | Reached skill level 17 in Spellcasting
 49037 | Snake:4  | Reached skill level 18 in Spellcasting
 49327 | Snake:4  | Reached skill level 15 in Shields
 49400 | Snake:4  | Your ally Bogbrand died
 49538 | Snake:4  | Got a serpentine rune of Zot
 49873 | Snake:4  | Learned a level 6 spell: Bombard
 49999 | Snake:4  | Found a runed translucent gate.
 49999 | Snake:4  | Found a runed translucent gate.
 49999 | Snake:4  | Found a runed translucent gate.
 50178 | Snake:4  | Found an opulent altar of Gozag.
 50179 | Snake:4  | Noticed YordlordTheGreat's ghost (adept HuCA)
 50408 | Snake:3  | Identified the +3 halberd of the Dark Horse {freeze, Will+}
 50427 | Snake:3  | Anointed Brunolf the warrior as your apostle
 50753 | Elf:1    | Entered Level 1 of the Elven Halls
 50762 | Elf:1    | Reached skill level 7 in Conjurations
 50814 | Elf:1    | Reached XP level 19. HP: 121/149 MP: 3/41
 50970 | Elf:1    | Reached skill level 8 in Conjurations
 51381 | Elf:1    | Identified the +7 dagger "Buom" {pain, *Slow Dex+3}
 51381 | Elf:1    | Identified the +2 robe of Vexation {^Drain rElec SInv
                  | Stlth+}
 51562 | Elf:1    | Found Paen's General Store.
 51567 | Elf:1    | Found Ehiun's Book Shop.
 51570 | Elf:1    | Bought a scroll of poison for 60 gold pieces
 51570 | Elf:1    | Bought a wand of polymorph (6) for 126 gold pieces
 51698 | Elf:1    | Got Mnoleg's Compilation of the Band
 51771 | Elf:1    | Found Wegiov's Vocational Training.
 51814 | Elf:1    | Found Zacy's Jewellery Shop.
 51833 | Elf:1    | Bought a manual of Invocations for 1360 gold pieces
 52275 | Elf:2    | Paralysed by an air elemental for 1 turns
 52279 | Elf:2    | Paralysed by an air elemental for 1 turns
 52538 | Elf:2    | Paralysed by an air elemental for 1 turns
 53192 | Elf:2    | Found a runed translucent gate.
 53192 | Elf:2    | Found a runed translucent gate.
 53195 | Elf:2    | Found a runed translucent gate.
 53285 | Elf:3    | Entered Level 3 of the Elven Halls
 53307 | Elf:3    | Found Qewkyaw's General Store.
 53307 | Elf:3    | Noticed Nikola
 53311 | Elf:3    | Your ally Bogbrand died
 53321 | Elf:3    | Killed Nikola
 53333 | Elf:3    | Reached skill level 9 in Conjurations
 53921 | Elf:3    | Paralysed by an air elemental for 1 turns
 53924 | Elf:3    | Reached skill level 13 in Invocations
 53949 | Elf:3    | Found a portal to a secret trove of treasure.
 55134 | Elf:3    | Identified the +6 flail of the Threshing Wasp {protect,
                  | rF++}
 55143 | Elf:3    | Reached skill level 11 in Earth Magic
 55196 | Elf:3    | Noticed a Brimstone Fiend
 57033 | Elf:3    | Your ally Bogbrand died
 57751 | Elf:3    | Found a portal to a secret trove of treasure.
 57784 | Elf:3    | Found Qewkyaw's General Store.
 58102 | Elf:3    | Identified the +5 trident of the Sea {holy, rElec Str+3
                  | Int-4}
 58104 | Elf:3    | Reached skill level 14 in Invocations
 59004 | Elf:3    | Got Liuwk's Book of Glaciation
 59733 | Vaults:1 | Entered Level 1 of the Vaults
 59978 | Vaults:1 | Reached skill level 10 in Conjurations
 60079 | Vaults:1 | Noticed Saint Roka
 60092 | Vaults:1 | Was placed under penance by Beogh
 60107 | Vaults:1 | Killed Saint Roka
 60107 | Vaults:1 | Was forgiven by Beogh
 60206 | Vaults:1 | Reached XP level 20. HP: 136/156 MP: 42/42
 60728 | Vaults:1 | Reached skill level 15 in Invocations
 60821 | Vaults:1 | Identified the +0 robe "Zuabuu" {Will+ Str+2}
 61017 | Vaults:1 | You fall into a shaft and drop 1 floor!
 61118 | Vaults:2 | Reached skill level 12 in Earth Magic
 61805 | Vaults:2 | Reached skill level 14 in Fighting
 62427 | Vaults:2 | Reached skill level 16 in Shields
 62579 | Vaults:3 | Found Boggecoe's Book Emporium.
 62641 | Vaults:3 | Bought a manual of Shields for 1600 gold pieces
 62649 | Vaults:3 | Found Icor's Antique Weapon Emporium.
 62655 | Vaults:3 | Bought a shimmering short sword for 336 gold pieces
 62655 | Vaults:3 | Identified the +0 short sword "Gorghoin" {heavy, Stlth+}
                  | (You bought it in a shop on level 3 of the Vaults)
 62858 | Vaults:3 | Found a runed translucent door.
 62858 | Vaults:3 | Noticed vegansnacktivist's ghost (adept DDFi)
 63014 | Vaults:3 | Found Vumam's Weapon Boutique.
 63145 | Vaults:3 | Noticed Norris
 63151 | Vaults:3 | Killed Norris
 63295 | Vaults:3 | Found a staircase to the Crypt.
 63585 | Vaults:3 | Reached XP level 21. HP: 121/166 MP: 22/43
 63638 | Vaults:3 | Found Faiw's Jewellery Shoppe.
 63652 | Vaults:3 | Bought the ring of Etutt {Fire Fly rElec Dex-3} for 730
                  | gold pieces
 63852 | Vaults:3 | Reached skill level 13 in Earth Magic
 63855 | Vaults:3 | Identified the +9 arbalest "Tupoab" {freeze, rElec rC+
                  | Stlth+}
 63974 | Vaults:3 | Found Ketweablav's Antique Weapon Emporium.
 63982 | Vaults:3 | Bought a shimmering flail for 357 gold pieces
 63982 | Vaults:3 | Identified the +5 flail "Newtslayer" {heavy, rElec Dex+2}
                  | (You bought it in a shop on level 3 of the Vaults)
 63982 | Vaults:3 | Bought a crude falchion for 336 gold pieces
 63982 | Vaults:3 | Identified the +5 falchion of Popular Demand {freeze, Dex+3
                  | SInv} (You bought it in a shop on level 3 of the Vaults)
 64192 | Vaults:3 | Killed vegansnacktivist's ghost
 64267 | Vaults:4 | Noticed Bai Suzhen
 64276 | Vaults:4 | Killed Bai Suzhen
 64276 | Vaults:4 | Your ally Spirok died
 64357 | Vaults:4 | Reached skill level 15 in Fighting
 64516 | Vaults:4 | Noticed Zenata
 64548 | Vaults:4 | Identified the +9 morningstar of Departure {flame, rN+
                  | Dex-5 Stlth+}
 64558 | Vaults:4 | Anointed Worak the priest as your apostle
 64654 | Vaults:4 | Found a magical portal.
 64659 | WizLab   | Entered The Hall of the Hellbinder
 64938 | WizLab   | Reached skill level 17 in Shields
 64986 | WizLab   | Your ally Bogbrand died
 65175 | WizLab   | Reached skill level 11 in Conjurations
 66189 | WizLab   | Noticed Upeuf
 66263 | WizLab   | Killed Upeuf the Hellbinder
 66314 | WizLab   | Found a burning altar of Makhleb.
 66557 | Vaults:4 | Your ally Worak died
 67041 | Vaults:4 | Killed Zenata
 67144 | Vaults:4 | Found the +8 storm bow {elec, penet}
 67155 | Vaults:4 | Noticed a dread lich
 67508 | Vaults:4 | Reached skill level 16 in Fighting
 67510 | Vaults:4 | Your ally Bogbrand died
 67568 | Vaults:4 | Reached skill level 18 in Shields
 67863 | Vaults:4 | Killed a dread lich
 67953 | Vaults:4 | Reached skill level 12 in Conjurations
 68730 | Slime:1  | Entered Level 1 of the Pits of Slime
 68841 | Slime:1  | Reached XP level 22. HP: 178/178 MP: 40/44
 68869 | Slime:1  | Identified the +4 great sword of Ygoschis {holy, ^Drain
                  | rPois Str+3}
 68881 | Slime:1  | Anointed Oruk the warrior as your apostle
 69124 | Slime:3  | Reached skill level 19 in Shields
 69834 | Slime:5  | Entered Level 5 of the Pits of Slime
 70367 | Slime:5  | Noticed the Royal Jelly
 70372 | Slime:5  | Killed the Royal Jelly
 71183 | Slime:5  | Reached skill level 13 in Conjurations
 72987 | Slime:5  | Identified the ring of the Enemy {Will+ Str+3}
 73118 | Slime:5  | Got a slimy rune of Zot
 73163 | Slime:5  | Identified the +1 robe "Meovul" {-Tele Rampage Will+++
                  | Int-2}
 73217 | Slime:5  | Found the +2 hood of the Assassin {Detect Stab+ Stlth++}
 73229 | Slime:5  | Identified the amulet of Bisob {rPois Regen+ Str-2 Int+4
                  | Slay+2}
 73573 | Elf:3    | You showed the slimy rune of Zot to enter a treasure trove
 73574 | Trove    | Entered a treasure trove
 73584 | Trove    | Found the +8 longbow "Zephyr" {speed, Dex+3 SInv}
 73585 | Trove    | Identified the +1 morningstar "Pafiepp" {flame, ^Drain
                  | rPois Will+++ Dex+4}
 73598 | Trove    | Identified the ring "Hen Etont" {rCorr Str+2 Slay+2 Stlth+}
 73601 | Trove    | Identified the amulet of Keablute {rElec rF+ Regen+ Stlth+}
 73704 | Elf:1    | Bought a ring of magical power for 320 gold pieces
 73978 | Crypt:1  | Entered Level 1 of the Crypt
 74717 | Crypt:1  | Reached skill level 16 in Invocations
 75002 | Crypt:1  | Reached skill level 20 in Shields
 76086 | Crypt:2  | Identified the +5 hand axe "Totwaeqy" {freeze, ^Fragile
                  | rF+++ rC+ Will+}
 76309 | Crypt:2  | Reached skill level 17 in Invocations
 77798 | Crypt:3  | Entered Level 3 of the Crypt
 78265 | Crypt:3  | Identified the +2 leather armour of Vaedghuhi {*Slow Will-
                  | rCorr Dex+8}
 78292 | Crypt:3  | Reached XP level 23. HP: 184/184 MP: 33/45
 79043 | Crypt:3  | Identified the amulet "Ebae" {RegenMP ^Fragile +Blink rC++
                  | Stlth+}
 79088 | Crypt:3  | Noticed an ancient lich
 79176 | Crypt:3  | Found an ancient bone altar of Kikubaaqudgha.
 79298 | Crypt:3  | Killed an ancient lich
 79304 | Crypt:3  | Reached skill level 18 in Invocations
 79576 | Crypt:3  | Noticed a dread lich
 79581 | Crypt:3  | Killed a dread lich
 79582 | Crypt:3  | Reached skill level 21 in Shields
 79585 | Crypt:3  | Identified the +1 chain mail "Xawafi" {rN+ SInv}
 79591 | Crypt:3  | Identified the +0 tower shield of Slovenliness {rPois
                  | Str+4}
 79736 | Crypt:3  | Got the Opusculum on the Departed
 80157 | Crypt:3  | Identified the +5 dire flail of Okawaru's Respect {heavy,
                  | rC+ Int+4}
 80177 | Crypt:3  | Anointed Margrim the warrior as your apostle
 80379 | Crypt:3  | Found a staircase to the Tomb.
 81263 | Depths:1 | Entered Level 1 of the Depths
 81296 | Depths:1 | Found a transporter.
 81974 | Depths:1 | Found a one-way gate to the infinite horrors of the Abyss.
 82101 | Depths:1 | Found a transporter.
 82493 | Depths:1 | Found a one-way gateway to a ziggurat.
 82493 | Depths:1 | Found a gateway to Hell.
 82604 | Depths:1 | Found a one-way gate leading to the halls of Pandemonium.
 83250 | Depths:1 | Found a transporter.
 83346 | Depths:1 | Found a transporter.
 83375 | Depths:2 | Reached skill level 22 in Shields
 83530 | Depths:2 | Found a flickering gateway to a bazaar.
 83540 | Bazaar   | Entered a bazaar
 83628 | Bazaar   | Found Hilac's Armour Shoppe.
 83642 | Bazaar   | Found Wijigieh's Distillery.
 83649 | Bazaar   | Found Yskuduo's Jewellery Shop.
 83657 | Bazaar   | Found Zuok Tadd's General Store.
 83665 | Bazaar   | Bought a scroll of teleportation for 36 gold pieces
 83692 | Bazaar   | Found Xelloxet's Assorted Antiques.
 83700 | Bazaar   | Bought a scroll of teleportation for 93 gold pieces
 83700 | Bazaar   | Bought a scroll of blinking for 232 gold pieces
 83734 | Bazaar   | Bought the ring "Wiapim" {rF+ Will+} for 376 gold pieces
 84735 | Depths:2 | Reached XP level 24. HP: 176/191 MP: 45/45
 84986 | Depths:3 | Anointed Urtork the warrior as your apostle
 85195 | Depths:3 | Reached skill level 23 in Shields
 85419 | Depths:3 | Found a runed translucent door.
 85420 | Depths:3 | Noticed Atiunar's ghost (master TrDe)
 85845 | Depths:3 | Identified the ring of Rijab {Ice rN+}
 85845 | Depths:3 | Noticed Josephina
 85850 | Depths:3 | Killed Josephina
 86754 | Depths:3 | Killed Atiunar's ghost
 86762 | Depths:3 | Found a runed translucent door.
 86765 | Depths:3 | Noticed Pewaar's ghost (journeyman DsNe)
 86767 | Depths:3 | Got Sif Muna's Handbook of the Chilly Discharge
 86838 | Depths:3 | Your ally Urtork died
 86839 | Depths:3 | Your ally Oruk died
 86849 | Depths:3 | Your ally Brunolf died
 87156 | Depths:3 | Killed Pewaar's ghost
 87331 | Depths:3 | Found a runed translucent door.
 87331 | Depths:3 | Noticed Hauff's ghost (veteran GrEE)
 87370 | Depths:4 | Entered Level 4 of the Depths
 87401 | Depths:4 | Identified the +1 robe "Meps" {+Inv Int+3}
 87640 | Depths:4 | Reached skill level 24 in Shields
 88757 | Depths:4 | Identified the +9 whip of Offence {spect, Str+2 Int+3}
 88810 | Depths:4 | Identified a scroll of acquirement
 88819 | Depths:4 | Acquired the +1 pair of gloves "Dyruca" {rPois rF+ SInv}
 89195 | Depths:4 | Found a gate to the Realm of Zot.
 90558 | Vaults:5 | Entered Level 5 of the Vaults
 91109 | Vaults:5 | Identified the +7 short sword of Death {holy, rPois Dex+3}
 91109 | Vaults:5 | Noticed Margery
 91113 | Vaults:5 | Killed Margery
 91177 | Vaults:5 | Reached skill level 25 in Shields
 91426 | Vaults:5 | Identified the +1 leather armour "Zipem" {-Tele Fly Str+3}
 91454 | Vaults:5 | Identified the +5 long sword "Gextuoss" {freeze, rF- rN+
                  | Str+2 Int+3}
 91687 | Vaults:5 | Identified the ring "Aroekido" {Will+ Str+3 Dex+3}
 91737 | Vaults:5 | Identified the +5 chain mail of Vehumet, Screaming {rF+
                  | rCorr Int+6 Dex-2}
 91829 | Vaults:5 | Reached XP level 25. HP: 197/197 MP: 45/45
 91888 | Vaults:5 | Got the Parchment of Peregrination and Accompaniment
 92934 | Vaults:5 | Noticed an ancient lich
 92942 | Vaults:5 | Killed an ancient lich
 93103 | Vaults:5 | Noticed a dread lich
 93110 | Vaults:5 | Killed a dread lich
 93425 | Vaults:5 | Reached skill level 26 in Shields
 94400 | Vaults:5 | Got a silver rune of Zot
 94539 | Vaults:3 | Identified the +3 dagger of Conscience {pain, ^Fragile rF+
                  | Str+3}
 95136 | Zot:1    | Entered Level 1 of the Realm of Zot
 95755 | Zot:1    | Noticed an ancient lich
 95761 | Zot:1    | Killed an ancient lich
 95899 | Zot:1    | Noticed Vv
 95907 | Zot:1    | Killed Vv
 99090 | Zot:3    | Found the +4 dragonskin cloak
 99090 | Zot:3    | Noticed Tiamat
 99313 | Zot:2    | Learned a level 2 spell: Blink
 99330 | Zot:2    | Found a runed translucent door.
 99338 | Zot:2    | Noticed Uqizxu's ghost (master OnFi)
 99349 | Zot:2    | Reached skill level 27 in Shields
 99779 | Zot:2    | Killed Uqizxu's ghost
 99784 | Zot:2    | Identified the staff of Doom {rPois Will+ Dex+3 Alchemy}
100844 | Zot:5    | Entered Level 5 of the Realm of Zot
100919 | Zot:5    | Reached XP level 26. HP: 198/206 MP: 18/45
101092 | Zot:5    | Reached skill level 1 in Translocations
102309 | Zot:4    | Reached skill level 2 in Translocations
103248 | Zot:5    | Identified the ring of the Original Sin {rCorr AC+4 Stlth+}
104005 | Zot:5    | Reached skill level 3 in Translocations
104393 | Zot:5    | Reached skill level 19 in Spellcasting
104647 | Zot:5    | Your ally Brunolf died
104688 | Zot:5    | Learned a level 5 spell: Yara's Violent Unravelling
104714 | Zot:5    | Noticed an ancient lich
104714 | Zot:5    | Noticed an orb of fire
104717 | Zot:5    | Noticed an ancient lich
104718 | Zot:5    | Got the Orb of Zot
104962 | Depths:1 | Noticed Tojoer the pandemonium lord
105294 | D:1      | Reached skill level 17 in Fighting
105334 | D:$      | Escaped with the Orb!

Illustrated notes

Levels and vault maps discovered:
D:1:      eino_arrival_tree_alley, layout_rooms, serial_shops,
          nicolae_shop_tiny_waterfront, hangedman_abyss_or_decor_lesser_grid,
          minmay_split_cup_large
D:2:      layout_loops_ring, kennysheep_generic_room_10
D:3:      wander_river, layout_rooms
D:4:      layout_gridville, nemelex_spade_bored_becter,
          minmay_temple_entry_grid, kennysheep_diamond,
          nicolae_elevator_lobby_asterisk, uniq_blork_the_orc, uniq_natasha
D:5:      layout_basic, nicolae_overflow_two_pavilions
D:6:      layout_cave_pools, uniq_duvessa
D:7:      layout_basic, nicolae_overflow_crystal_walls,
          mainiacjoe_overflow_large_starburst, palyth_stone_intersect
D:8:      layout_loops_ring, kennysheep_mini_moat, mainiacjoe_overflow_brackets,
          grunt_decor_mini_mirrors, uniq_grum, uniq_gastronok, uniq_erica
D:9:      layout_basic, hellmonk_ghost_big_iron, serial_shops,
          nicolae_take_the_stairs, hangedman_decor_push, uniq_jeremiah
D:10:     layout_layer_cave, nicolae_qazlal_general_emergency, xom_butterflies
D:11:     layout_small_grid, hellmonk_lair_entry_icy, serial_shops, shop,
          hangedman_decor_peaks_small
D:12:     layout_basic, orc_0_dummy, serial_shops, shop_coins
D:13:     layout_basic, david_vaults_2, serial_shops, nicolae_diamond_shop
D:14:     layout_roguey [special_room_bee], zin_angel, guppyfry_shop_venom,
          uniq_lodul
D:15:     grunt_enter_depths_hoard, layout_gridville, good_gods_temple_1,
          minmay_misc_feat_hallway, slow_altar_1
Lair:1:   beast_lair_carwin_large_2, layout_hall_layers, gauntlet_entry_generic,
          grunt_megastairs_4, infiniplex_staircase_pool_2
Lair:2:   hellmonk_ruined_rings, layout_hall_layers, serial_rivers,
          chequers_serial_rivers_small_a, chequers_serial_rivers_marsh,
          chequers_serial_rivers_room_a, chequers_serial_rivers_small_a,
          chequers_serial_rivers_micro_e, chequers_serial_rivers_micro_c
Lair:3:   layout_long_grid, minmay_shoals_entry_hut, alex1729_snake_entry_snake,
          uniq_fannar
Lair:4:   layout_roguey, slime_entry_1, serial_forest, infiniplex_forest_join,
          infiniplex_forest_straight_4, infiniplex_forest_lined_2,
          infiniplex_forest_diagonal, grunt_forest_stairs_clearing
Lair:5:   minmay_lair_end_frog_pond, layout_misc_corridors,
          ebering_ghost_funeral_grove, columned_hall_lemuel, uniq_kirke,
          uniq_urug
Shoals:1: layout_shoals, nicolae_shoals_siren_and_animal_friends, uniq_mlioglotl
Shoals:2: layout_shoals, nicolae_shoals_secluded_bog, uniq_frances
Shoals:3: layout_shoals, uniq_jorgrun
Shoals:4: shoals_end_hellmonk_storm_palace [storm_palace_center_square,
          storm_palace_corner_grid, storm_palace_corner_grid,
          storm_palace_corner_narrow, storm_palace_corner_narrow]
Snake:1:  layout_basic, uniq_aizul, uniq_roxanne, uniq_asterion
Snake:2:  layout_chambers, drop_trap, lemuel_fruit_tree
Snake:3:  layout_basic, uniq_donald
Snake:4:  minmay_snake_end_coiled, layout_grid_shapes, ebering_ghost_gozag,
          grunt_ministairs_7, drop_trap
Slime:1:  layout_caves
Slime:2:  layout_caves
Slime:3:  layout_caves
Slime:4:  layout_caves
Slime:5:  slime_pit_nicolae_trefoil
Orc:1:    layout_diamond_mine, chequers_guarded_unrand_ignorance
Orc:2:    st_orc_open, layout_caves
Elf:1:    eino_elf_arrival_shootout, layout_rooms, serial_shops,
          nicolae_shop_tiny_statue_garden, shop, shop, serial_aquarium,
          aquarium_bridge_square [aquarium_subvault_wall,
          aquarium_subvault_bridge, aquarium_subvault_balcony,
          aquarium_subvault_bridge], aquarium_window_2, aquarium_window_fake,
          aquarium_window_3, aquarium_view_2f, aquarium_view_2e,
          aquarium_pool_2, minmay_elf_demonology, minivault_23, minivault_5,
          nicolae_shop_vocational
Elf:2:    elven_hall_of_blades_hangedman_original [nicolae_blade_little_rooms],
          layout_loops_ring, minivault_15, nicolae_elf_big_sculpture_3
Elf:3:    grunt_elf_hall_diamonds, layout_geoelf_octagon, enter_trove_0,
          serial_shops, shop, uniq_nikola
Vaults:1: nicolae_vaults_rhombus_6, vaults_mumra_hexcomb,
          nicolae_vaults_triangles, vaults_dpeg_hooks,
          nicolae_vaults_specimen_jars, nicolae_vaults_diagonal_hallway_7,
          nicolae_vaults_mini_display_case, nicolae_vaults_trapezoid_lopsided_1,
          nicolae_vaults_display_case, ontoclasm_vaults_ligature,
          layout_vaults_omnigrid, uniq_saint_roka
Vaults:2: v_misc_12, hangedman_vaults_maws, v_misc_16,
          nicolae_vaults_storage_closets_2,
          nicolae_vaults_offset_grid_hallway_3, nicolae_vaults_six-pack,
          grunt_vaults_focal, nicolae_vaults_asterisk, hangedman_vaults_nails,
          layout_vaults_omnicross
Vaults:3: gammafunk_ghost_grave, minmay_crypt_entry_simple_walls,
          hangedman_vaults_river_flow, v_misc_19, nicolae_vaults_trapezoid_3,
          nicolae_vaults_shelves_hall, ontoclasm_vaults_hangar,
          nicolae_vaults_yaktaur_gun_rack, nicolae_vaults_alarming,
          nicolae_vaults_double_plus_1, nicolae_vaults_tetromino_L_1,
          nicolae_vaults_little_squares_4, layout_vaults_chaotic_city,
          serial_shops, nicolae_shop_real_fake_doors, shop,
          nicolae_shop_peninsula, shop, nicolae_book_shop_shelving, uniq_norris
Vaults:4: infiniplex_enter_wizlab_spiral, nicolae_vaults_variable_pillar_hall,
          minmay_guarded_unrand_secular_launcher, hangedman_vaults_snaps,
          v_alt_pattern_3, nicolae_vaults_offset_grid_hallway_3, v_misc_11,
          vaults_room_door_hall, nicolae_vaults_spaceships, v_misc_11,
          nicolae_vaults_storage_room_water, nicolae_vaults_sightless_eye,
          layout_vaults_maze, uniq_zenata, uniq_bai_suzhen
Vaults:5: uniq_margery
Crypt:1:  layout_chaotic_city, grunt_crypt_arrival_split
Crypt:2:  layout_regular_city, nrook_guardian_serpent_ordinary,
          grunt_megastairs_3
Crypt:3:  evilmike_haunted_forest
Depths:1: layout_gridlike, enter_ziggurat_e, hangedman_abyss_entry_splay,
          hell_entry, grunt_pan_entry_spiral, hangedman_decor_clover_reticule,
          nicolae_diode_intersection
Depths:2: mu_elephants_graveyard, layout_cave_shapes,
          pf_vacation_house_of_asmodeus, rand_demon_pan_entry_8, serial_shops,
          freezing_bzr, hangedman_abyss_or_decor_stabs,
          minmay_stone_trees_small, st_stairs_13
Depths:3: dreamdust_hydra_shepherd, layout_basic, serial_bayou_pond_e,
          hell_entry, muffindrake_ghost_three_little_ghosts,
          abyss_entry_crystal, uniq_josephina
Depths:4: grunt_zot_entry_pinwheel, layout_honeycomb,
          hangedman_tar_grid_catacomb, infiniplex_staircase_pool_lava
Zot:1:    hangedman_snap_crack_crunch, layout_concentric_octagons, uniq_grunn,
          uniq_vv
Zot:2:    kennysheep_bubbly, layout_basic, ebering_ghost_inner_flame
Zot:3:    gammafunk_mikee_crab_dinner, layout_twisted_circle,
          regret_index_zotdec_silver_v_v_orig_slice, grunt_ministairs_14,
          uniq_tiamat
Zot:4:    layout_concentric_octagons
Zot:5:    layout_basic, grunt_ministairs_6, bh_zot_levy_curve

Skill      XL: |  1  2  3  4  5  6  7  8  9 10 11 12 13 14 15 16 17 18 19 20 21 22 23 24 25 26 |
---------------+-------------------------------------------------------------------------------+-----
Stealth        | 2 3 |  3.0
Spellcasting   | 3 4 5 6 7 9 10 12 15 18 19 | 19.2
Earth Magic    | 3 4 5 6 9 10 11 12 13 | 13.0
Conjurations   | 1 3 4 5 6 7 10 12 13 | 13.0
Fighting       | 2 4 6 7 8 9 10 12 13 14 16 17 | 17.0
Shields        | 1 3 6 8 10 11 13 15 16 18 20 22 25 27 | 27.0
Invocations    | 4 7 9 11 12 14 15 17 18 | 18.7
Armour         | 2 4 |  4.0
Evocations     | 1 4 6 |  6.0
Dodging        | 4 |  4.0
Necromancy     | 3 7 8 |  8.0
Summonings     | 3 6 |  6.0
Translocations | 3 |  3.8

Action                     |  1- 3 |  4- 6 |  7- 9 | 10-12 | 13-15 | 16-18 | 19-21 | 22-24 | 25-27 || total
---------------------------+-------+-------+-------+-------+-------+-------+-------+-------+-------++-------
  Melee: Rapier            |     8 |     7 |     7 |    45 |       |       |       |       |       ||    67
         Staff             |       |       |       |     7 |    30 |    86 |    39 |   168 |    26 ||   356
         Flail             |       |       |       |       |       |       |     3 |     2 |     7 ||    12
  Throw: Dart              |       |       |       |    30 |       |    13 |       |       |       ||    43
         Throwing net      |       |       |       |       |       |       |     1 |       |       ||     1
   Cast: Sandblast         |    51 |    88 |   140 |    56 |    20 |     1 |       |       |       ||   356
         Passwall          |     1 |       |     1 |       |       |       |       |       |     9 ||    11
         Stone Arrow       |       |     7 |    74 |   290 |   562 |   300 |    61 |       |       ||  1294
         Lee's Rapid Decon |       |       |       |     3 |    21 |   231 |   174 |    89 |    45 ||   563
         Martyr's Knell    |       |       |       |       |       |    40 |    22 |     8 |       ||    70
         Vampiric Draining |       |       |       |       |       |    77 |    85 |       |    10 ||   172
         Bombard           |       |       |       |       |       |       |   265 |   436 |   292 ||   993
         Apportation       |       |       |       |       |       |       |     1 |       |       ||     1
         Dispel Undead     |       |       |       |       |       |       |       |   295 |    61 ||   356
         Blink             |       |       |       |       |       |       |       |       |     1 ||     1
 Invoke: Convert to Beogh  |       |       |     1 |       |       |       |       |       |       ||     1
         Recall Apostles   |       |       |       |     8 |    18 |    29 |    31 |    13 |    18 ||   117
         Smiting           |       |       |       |     4 |    21 |    31 |    24 |     9 |     4 ||    93
         Recruit Apostle   |       |       |       |     2 |     3 |     3 |     1 |     3 |       ||    12
         Dismiss Apostle   |       |       |       |       |     2 |     3 |     1 |     4 |       ||    10
Ability: Evoke Blink       |       |       |       |       |       |       |     1 |     2 |       ||     3
  Evoke: Wand              |       |       |       |     2 |     6 |     8 |     7 |     6 |     2 ||    31
         Phantom mirror    |       |       |       |       |       |     2 |     2 |     2 |     1 ||     7
         Box of beasts     |       |       |       |       |       |     2 |     1 |     1 |       ||     4
         Lightning rod     |       |       |       |       |       |       |       |     8 |       ||     8
         Tin of tremorston |       |       |       |       |       |       |       |     2 |     2 ||     4
    Use: Scroll            |     1 |     7 |     4 |     9 |     3 |     6 |     6 |     7 |    12 ||    55
   Stab: Distracted        |       |       |       |     1 |       |       |     2 |     3 |       ||     6
         Petrified         |       |       |       |       |     5 |       |       |       |       ||     5
         Sleeping          |       |       |       |       |       |       |       |     1 |       ||     1
 Armour: Robe              |     9 |    43 |    83 |    10 |       |       |       |       |       ||   145
         Troll leather arm |       |       |       |   238 |   274 |   351 |   405 |       |       ||  1268
         Leather armour    |       |       |       |       |       |       |    56 |   352 |   195 ||   603
  Dodge: Dodged            |    15 |    34 |    64 |   118 |   140 |   157 |   178 |   132 |    71 ||   909
  Block: Buckler           |       |       |    30 |    65 |       |       |       |       |       ||    95
         Kite shield       |       |       |       |    30 |   276 |   527 |   337 |       |       ||  1170
         Reflection        |       |       |       |       |    12 |    69 |    22 |       |       ||   103
         Tower shield      |       |       |       |       |       |       |    12 |  1081 |   473 ||  1566

Table legend: (Time is in decaauts)
 A = Elapsed time spent in this place.
 B = Non-inter-level travel time spent in this place.
 C = Inter-level travel time spent in this place.
 D = Time resting spent in this place.
 E = Time spent auto-exploring this place.
 F = Levels seen in this place.
 G = Mean time per level.
                   A        B        C        D        E       F      G
               +--------+--------+--------+--------+--------+-----+--------+
         Total | 105795 |  99256 |   6539 |  34680 |  47801 |  59 | 1793.1 |
       Dungeon |  21132 |  18943 |   2189 |   3556 |  12071 |  15 | 1408.8 |
          Lair |   8373 |   7663 |    710 |   1775 |   4676 |   5 | 1674.6 |
        Shoals |   8929 |   8746 |    183 |   4159 |   3349 |   4 | 2232.2 |
     Snake Pit |  10087 |   9811 |    276 |   3155 |   4974 |   4 | 2521.8 |
    Slime Pits |   4533 |   4469 |     64 |   3537 |    125 |   5 |  906.6 |
  Orcish Mines |   3405 |   2975 |    430 |   1600 |    913 |   2 | 1702.5 |
   Elven Halls |   9109 |   8605 |    504 |   5066 |   2549 |   3 | 3036.3 |
        Vaults |  11856 |  10931 |    925 |   2872 |   5789 |   5 | 2371.2 |
         Crypt |   7091 |   6872 |    219 |    445 |   4971 |   3 | 2363.7 |
        Depths |   8563 |   8017 |    546 |   1592 |   5139 |   4 | 2140.8 |
           Zot |   9760 |   9272 |    488 |   5238 |   2740 |   5 | 1952.0 |
        Bazaar |    207 |    207 |      0 |      0 |    153 |   1 |  207.0 |
         Trove |     54 |     54 |      0 |      0 |      0 |   1 |   54.0 |
        Wizlab |   1781 |   1781 |      0 |   1322 |     34 |   1 | 1781.0 |
      Gauntlet |    909 |    909 |      0 |    362 |    316 |   1 |  909.0 |
               +--------+--------+--------+--------+--------+-----+--------+

Top non-repeatable levels by time:
   Elf:3: 6224 daAuts
 Snake:4: 4243 daAuts
Shoals:4: 4099 daAuts
Vaults:5: 3951 daAuts
   Zot:1: 3543 daAuts
 Crypt:3: 3209 daAuts
 Slime:5: 2917 daAuts
Depths:4: 2833 daAuts
    D:10: 2695 daAuts
Depths:3: 2661 daAuts
 Snake:2: 2639 daAuts
Vaults:4: 2506 daAuts
   Orc:2: 2444 daAuts
  Lair:3: 2253 daAuts
   Zot:4: 2149 daAuts

Table legend:
 A = Kills in this place as a percentage of kills in the entire game.
 B = Kills by you in this place as a percentage of kills by you in the entire game.
 C = Kills by friends in this place as a percentage of kills by friends in the entire game.
 D = Other kills in this place as a percentage of other kills in the entire game.
 E = Experience gained in this place as a percentage of experience gained in the entire game.
 F = Experience gained in this place divided by the number of levels of this place that you have seen.
                   A       B       C       D       E      F
               +-------+-------+-------+-------+-------+----------------------
         Total | 100.0 | 100.0 | 100.0 | 100.0 | 100.0 | 23419.8
       Dungeon |  16.3 |  24.1 |   5.5 |  11.4 |   4.5 | 4156.3
          Lair |   7.6 |   8.7 |   5.8 |  11.4 |   3.7 | 10290.8
        Shoals |   8.0 |   7.8 |   8.0 |  11.4 |   6.6 | 22658.5
     Snake Pit |  12.2 |   8.5 |  17.4 |  11.4 |  10.8 | 37227.5
    Slime Pits |   3.3 |   1.9 |   5.5 |   0.0 |   4.3 | 11839.0
  Orcish Mines |   3.0 |   1.6 |   4.4 |  13.6 |   1.5 | 10213.5
   Elven Halls |   5.9 |   5.7 |   6.2 |   9.1 |   6.9 | 31782.3
        Vaults |  16.0 |  11.0 |  23.4 |  11.4 |  23.4 | 64637.6
         Crypt |   9.7 |  13.7 |   4.5 |   0.0 |  10.3 | 47424.3
        Depths |  10.3 |   8.0 |  13.2 |  15.9 |  14.6 | 50570.8
           Zot |   5.6 |   7.1 |   3.5 |   2.3 |  11.3 | 31177.4
        Wizlab |   1.5 |   0.9 |   2.3 |   2.3 |   1.9 | 26253.0
      Gauntlet |   0.7 |   1.0 |   0.2 |   0.0 |   0.3 | 3575.0
               +-------+-------+-------+-------+-------+----------------------
